 Dungeon Crawl Stone Soup version 0.23.1-44-gbd83930989 (webtiles) character file.

Game seed: 10781508436690781041

872 PentaManta the Covert (level 8, -10/54 HPs)
             Began as an Octopode Assassin on Mar 30, 2019.
             Was an Initiate of Dithmenos.
             Mangled by Duvessa
             ... wielding a +2 short sword of venom
              (16 damage)
             ... on level 6 of the Dungeon.
             The game lasted 00:07:42 (3670 turns).

PentaManta the Covert (Octopode Assassin)           Turns: 3670, Time: 00:07:42

Health: -10/54     AC:  1    Str: 10    XL:     8   Next: 4%
Magic:  8/8        EV: 15    Int: 13    God:    Dithmenos [......]
Gold:   197        SH:  0    Dex: 16    Spells: 7/7 levels left

rFire    . . .     SeeInvis .   a - +2 dagger
rCold    . . .     Gourm    .   (no shield)
rNeg     . . .     Faith    .   (helmet restricted)
rPois    +         Spirit   .   h - amulet of regeneration
rElec    .         Reflect  .   j - ring of poison resistance
rCorr    .         Harm     .   o - ring of protection from magic
MR       +....                  (no ring)
Stlth    ++++++....             (no ring)
HPRegen  0.58/turn              (no ring)
MPRegen  0.11/turn              (no ring)
                                (no ring)
                                (no ring)

@: lethally poisoned (-10 -> -13)
A: almost no armour, stealthy swim, amphibious, 8 rings, constrict 8, camouflage
1, gelatinous body 1
a: Renounce Religion


You were on level 6 of the Dungeon.
You worshipped Dithmenos.
Dithmenos was noncommittal.
You were not hungry.

You visited 2 branches of the dungeon, and saw 7 of its levels.

You collected 197 gold pieces.

Inventory:

Hand Weapons
 a - a +2 dagger (weapon)
 b - a +0 blowgun
Missiles
 c - 13 poisoned needles
 d - 2 curare-tipped needles
Jewellery
 h - an amulet of regeneration (around mantle)
 j - a ring of poison resistance (left tentacle)
 o - a ring of protection from magic (right tentacle)
Scrolls
 l - 4 scrolls of remove curse {unknown}
 m - a scroll of enchant armour {unknown}
 p - a scroll of fear {unknown}
 q - a scroll of identify {unknown}
 r - a scroll of magic mapping {unknown}
 s - a scroll of amnesia {unknown}
Potions
 e - 2 potions of agility {unknown}
 g - 3 potions of heal wounds {unknown}
 i - a potion of mutation {unknown}
 k - 2 potions of flight {unknown}
 n - a potion of lignification {unknown}
 t - 2 potions of curing {unknown}
Comestibles
 f - 9 rations


   Skills:
 + Level 4.7 Fighting
 - Level 2.0 Short Blades
 - Level 2.0 Throwing
 + Level 4.3 Dodging
 * Level 10.3 Stealth


You had 7 spell levels left.
You didn't know any spells.
Your spell library was empty.

Dungeon Overview and Level Annotations

Branches:
Dungeon (6/15)             Temple (1/1) D:5

Altars:
Ashenzari
Cheibriados
Dithmenos
Elyvilon
Fedhas
Gozag
Hepliaklqana
Kikubaaqudgha
Makhleb
Nemelex Xobeh
Okawaru
Qazlal
Ru
Sif Muna
Trog
Uskayaw
Vehumet
Wu Jian
Xom
Yredelemnul
Zin
The Shining One

Shops:
D:5 (=%[[

Annotations:
D:2 exclusion: phantom, Terence
D:4 3 runed translucent doors, ciphuk's ghost, novice MfMo; zyhmos's ghost, novice MiBe
D:6 Duvessa


Innate Abilities, Weirdness & Mutations

You cannot wear most types of armour.
You are very stealthy in the water. (Stealth+)
You are amphibious.
You can wear up to eight rings at the same time.
You can use your tentacles to constrict eight enemies at once.
Your skin changes colour to match your surroundings (Stealth+).
Your rubbery body absorbs attacks. (AC +1, EV +1)


Message History

You hit Duvessa but do no damage. You squeeze Duvessa, but do no damage.
You constrict Duvessa.
You feel sick.
Duvessa hits you with a +2 short sword of venom!
Duvessa hits you with a +2 short sword of venom.
You release your grip on Duvessa.
You feel very sick.
You feel sick.
Duvessa hits you with a +2 short sword of venom.
You feel sick.
Duvessa rages.
You feel sick. Duvessa barely misses you.
You feel sick.
You feel sick.
Duvessa hits you with a +2 short sword of venom.
* * * LOW HITPOINT WARNING * * *
You feel sick.
Duvessa rages.
You feel sick.
Duvessa hits you with a +2 short sword of venom!
You die...

## .. #
##.###.#
....#.#
#.....
#...#
##.@.#
#..e.#
#.##....#
#.......#
....###..#
# ....
#..#.##
...
#.....# ..
#.##..#
#.<#..#


You could see Duvessa (berserk).

Vanquished Creatures
  2 phantoms (D:5)
  Dowan (D:6)
  A crimson imp (D:5)
  2 centaur zombies
  A howler monkey (D:4)
  A bullfrog skeleton (D:5)
  2 hounds
  Crazy Yiuf (D:5)
  An orc wizard (D:5)
  Jessica (D:2)
  2 iguanas (D:4)
  2 worker ants
  A worker ant zombie (D:5)
  3 gnolls (D:4)
  9 adders
  A shadow imp (D:5)
  An ooze (D:2)
  4 worms
  5 dart slugs
  3 leopard geckos
  10 orcs
  9 bats
  4 giant cockroaches (D:2)
  2 goblins
  5 hobgoblins
  5 jackals
  3 quokkas
  A ball python (D:2)
  4 frilled lizards
  8 kobolds
  A leopard gecko skeleton (D:4)
  A quokka skeleton (D:4)
  A quokka zombie (D:5)
  7 rats
105 creatures vanquished.

Vanquished Creatures (others)
  4 withered plants (D:4)
4 creatures vanquished.

Grand Total: 109 creatures vanquished

Notes
Turn   | Place    | Note
-------+----------+-------------------------------------------
     0 | D:1      | PentaManta the Octopode Assassin began the quest for the
                  | Orb.
     0 | D:1      | Reached XP level 1. HP: 14/14 MP: 1/1
   105 | D:1      | Reached XP level 2. HP: 19/19 MP: 2/2
   540 | D:2      | Reached skill level 6 in Stealth
   545 | D:2      | Reached XP level 3. HP: 24/25 MP: 3/3
   675 | D:2      | Found an ornate altar of the Wu Jian Council.
   760 | D:2      | Noticed Jessica
   768 | D:2      | Killed Jessica
   768 | D:2      | Reached XP level 4. HP: 30/30 MP: 4/4
   878 | D:2      | Noticed Terence
   878 | D:2      | Noticed a phantom
   987 | D:2      | Reached skill level 7 in Stealth
  1268 | D:3      | Found a faded altar of an unknown god.
  1416 | D:3      | Reached XP level 5. HP: 26/36 MP: 5/5
  1895 | D:4      | Reached XP level 6. HP: 42/42 MP: 6/6
  1931 | D:4      | Reached skill level 8 in Stealth
  2077 | D:4      | Found a runed translucent gate.
  2078 | D:4      | Found a runed translucent gate.
  2079 | D:4      | Found a runed translucent gate.
  2081 | D:4      | Noticed ciphuk's ghost (novice MfMo)
  2081 | D:4      | Noticed zyhmos's ghost (novice MiBe)
  2701 | D:5      | Entered Level 5 of the Dungeon
  2706 | D:5      | Reached XP level 7. HP: 47/47 MP: 7/7
  2741 | D:5      | Reached skill level 9 in Stealth
  2861 | D:5      | Found Biylykau's Food Emporium.
  2913 | D:5      | Found Oxeng's Weapon Shop.
  2974 | D:5      | Found Oplane's Jewellery Boutique.
  3025 | D:5      | Found Zylacw's Armour Emporium.
  3066 | D:5      | Reached skill level 10 in Stealth
  3251 | D:5      | Found Rouget's Armour Shop.
  3339 | D:5      | Found a runed translucent door.
  3340 | D:5      | Noticed Crazy Yiuf
  3400 | D:5      | Found a staircase to the Ecumenical Temple.
  3405 | Temple   | Entered the Ecumenical Temple
  3414 | Temple   | Became a worshipper of Dithmenos the Shadowed
  3613 | D:5      | Killed Crazy Yiuf
  3649 | D:6      | Noticed Dowan
  3654 | D:6      | Noticed Duvessa
  3655 | D:6      | Killed Dowan
  3655 | D:6      | Reached XP level 8. HP: 54/54 MP: 8/8
  3670 | D:6      | Mangled by Duvessa

Skill      XL: |  1  2  3  4  5  6  7 |
---------------+----------------------+-----
Stealth        | 6 7 8 10 | 10.3
Dodging        | 2 3 4 |  4.3
Fighting       | 3 4 |  4.7
Short Blades   | |  2.0
Throwing       | |  2.0

Action                   |  1- 3 |  4- 6 |  7- 9 || total
-------------------------+-------+-------+-------++-------
Melee: Dagger            |    59 |   138 |    84 ||   281
       Constrict         |     9 |    25 |     9 ||    43
       Tentacles         |     7 |    23 |    24 ||    54
 Stab: Sleeping          |    14 |    23 |     7 ||    44
  Eat: Chunk             |       |     5 |     2 ||     7
       Ration            |       |       |     1 ||     1
Armor: Skin              |     1 |     2 |     1 ||     4
Dodge: Dodged            |    33 |    89 |    46 ||   168
